 Dungeon Crawl Stone Soup version 0.23.2-30-g0e89c35649 (webtiles) character file.

Game seed: 12196835121026948125

154 Kobolds4U the Chopper (level 5, -9/45 HPs)
             Began as a Minotaur Fighter on June 24, 2019.
             Mangled by an ogre
             ... wielding a +0 giant club
              (12 damage)
             ... on level 4 of the Dungeon.
             The game lasted 00:04:44 (2491 turns).

Kobolds4U the Chopper (Minotaur Fighter)            Turns: 2491, Time: 00:04:45

Health: -9/45      AC:  6    Str: 21    XL:     5   Next: 13%
Magic:  4/4        EV:  7    Int:  5    God:
Gold:   118        SH:  9    Dex: 10    Spells: 4/4 levels left

rFire    . . .     SeeInvis .   a - +0 war axe
rCold    . . .     Gourm    .   c - +0 shield
rNeg     . . .     Faith    .   b - +0 scale mail
rPois    .         Spirit   .   (helmet restricted)
rElec    .         Reflect  .   (no cloak)
rCorr    .         Harm     .   (no gloves)
MR       .....                  (no boots)
Stlth    ..........             (no amulet)
HPRegen  0.15/turn              (no ring)
MPRegen  0.09/turn              (no ring)

@: no status effects
A: retaliatory headbutt, horns 2
a: no special abilities


You were on level 4 of the Dungeon.
You were not hungry.

You visited 1 branch of the dungeon, and saw 4 of its levels.

You collected 118 gold pieces.

Inventory:

Hand Weapons
 a - a +0 war axe (weapon)
 j - a +2 mace of holy wrath
Missiles
 s - 12 bolts
Armour
 b - a +0 scale mail (worn)
 c - a +0 shield (worn)
Jewellery
 m - an uncursed ring of stealth {unknown}
Scrolls
 e - 9 scrolls of identify {unknown}
 h - a scroll of immolation {unknown}
 k - 3 scrolls of remove curse {unknown}
 l - a scroll of fear {unknown}
 n - a scroll of magic mapping {unknown}
Potions
 d - 3 potions of might
 i - 2 potions of haste {unknown}
 o - a potion of degeneration {unknown}
 p - 2 potions of curing {unknown}
 q - 2 potions of heal wounds {unknown}
 r - a potion of agility {unknown}
 t - 2 potions of resistance {unknown}
Comestibles
 f - 4 rations
 g - 2 chunks of flesh


   Skills:
 - Level 3.6 Fighting
 + Level 6.5 Axes
 - Level 3.6 Armour
 - Level 3.6 Shields


You had 4 spell levels left.
You didn't know any spells.
Your spell library was empty.

Dungeon Overview and Level Annotations

Branches:
Dungeon (4/15)
 Temple: D:4-7

Altars:
Cheibriados
Kikubaaqudgha
Ru
Sif Muna
Vehumet
Xom


Innate Abilities, Weirdness & Mutations

You reflexively headbutt those who attack you in melee.
You have a pair of horns on your head.


Message History

You slash the ogre! Your headbutt misses the ogre.
The ogre is moderately wounded.
The ogre hits you with a +0 giant club!!
Ouch! That really hurt!
* * * LOW HITPOINT WARNING * * *
You are too injured to fight recklessly!
You are too injured to fight recklessly!
You are too injured to fight recklessly!
You are too injured to fight recklessly!
You are too injured to fight recklessly!
You are too injured to fight recklessly!
You are too injured to fight recklessly!
You are too injured to fight recklessly!
You are too injured to fight recklessly!
You are too injured to fight recklessly!
You are too injured to fight recklessly!
You slash the ogre! You headbutt the ogre!
The ogre is almost dead.
The ogre hits you with a +0 giant club!
You die...

#..##.# #.#
#.#####
#.....# ..#
#.#
+..########
###.#
#.........#
#<..#
##.######.#
##### #..
#.# .#.#
#.# #.
.#####.# #.
+##..@.#
#......O###
#..)....
..>....
.......
..%....
.......
.......


You could see an ogre.

Vanquished Creatures
  A worker ant (D:2)
  4 gnolls (D:2)
  3 adders (D:2)
  3 dart slugs
  4 leopard geckos
  A ball python (D:2)
  6 giant cockroaches
  5 goblins
  7 hobgoblins
  2 jackals (D:1)
  A quokka (D:2)
  7 bats
  3 frilled lizards
  8 kobolds
  3 rats
58 creatures vanquished.

Notes
Turn   | Place    | Note
-------+----------+-------------------------------------------
     0 | D:1      | Kobolds4U the Minotaur Fighter began the quest for the Orb.
     0 | D:1      | Reached XP level 1. HP: 19/19 MP: 0/0
   133 | D:1      | Reached skill level 3 in Axes
   168 | D:1      | Reached XP level 2. HP: 24/26 MP: 1/1
   322 | D:1      | Reached skill level 4 in Axes
   834 | D:2      | Reached XP level 3. HP: 26/31 MP: 2/2
   870 | D:2      | Reached skill level 5 in Axes
   905 | D:2      | Found a faded altar of an unknown god.
   975 | D:2      | Found an ancient bone altar of Kikubaaqudgha.
  1039 | D:2      | Reached XP level 4. HP: 34/39 MP: 3/3
  1415 | D:2      | Reached skill level 6 in Axes
  1426 | D:2      | Reached XP level 5. HP: 17/45 MP: 4/4
  1427 | D:2      | Found a shimmering altar of Xom.
  1757 | D:3      | Found a deep blue altar of Sif Muna.
  1814 | D:3      | Found a radiant altar of Vehumet.
  1872 | D:3      | Found a sacrificial altar of Ru.
  2085 | D:3      | Found a snail-covered altar of Cheibriados.
  2485 | D:4      | Noticed an ogre
  2491 | D:4      | Mangled by an ogre

Skill      XL: |  1  2  3  4 |
---------------+-------------+-----
Axes           | 3 4 5 6 |  6.5
Fighting       | |  3.6
Armour         | |  3.6
Shields        | |  3.6

Action                   |  1- 3 |  4- 6 || total
-------------------------+-------+-------++-------
Melee: War axe           |    82 |    65 ||   147
       Headbutt          |    14 |     7 ||    21
 Stab: Invisible         |       |     1 ||     1
  Eat: Chunk             |       |     5 ||     5
Armor: Scale mail        |    33 |    27 ||    60
Dodge: Dodged            |    22 |    20 ||    42
Block: Shield            |    45 |    41 ||    86
